 Dungeon Crawl Stone Soup version 0.22-a0-799-g88f5e907b7 (webtiles) character file.

1227 Bergy the Shield-Bearer (level 8, -3/48 HPs)
             Began as a Gargoyle Fighter on July 21, 2018.
             Was a Follower of Makhleb.
             Slain by an orc warrior
             ... wielding a +0 quarterstaff
              (15 damage)
             ... on level 6 of the Dungeon.
             The game lasted 00:35:45 (6596 turns).

Bergy the Shield-Bearer (Gargoyle Fighter)          Turns: 6596, Time: 00:35:46

Health: -3/48      AC: 12    Str: 20 (22) XL:     8   Next: 48%
Magic:  8/8        EV:  8    Int:  8 (9)  God:    Makhleb [*.....]
Gold:   328        SH:  9    Dex:  7 (9)  Spells: 7/7 levels left

rFire    + . .     SeeInvis .   D - +6 trident of Xuckack {freeze, rF+}
rCold    . . .     Gourm    .   c - +0 shield
rNeg     + . .     Faith    .   b - +0 scale mail
rPois    ∞         Spirit   .   (no helmet)
rElec    +         Reflect  .   (no cloak)
rCorr    .         Harm     .   (no gloves)
MR       .....                  (no boots)
Stlth    ..........             (no amulet)
HPRegen  0.16/turn              C - ring of poison resistance
MPRegen  0.11/turn              (no ring)

@: no status effects
A: negative energy resistance 1, electricity resistance, unbreathing,
petrification resistance, rot immunity, AC +5
a: Renounce Religion


You were on level 6 of the Dungeon.
You worshipped Makhleb.
Makhleb was aware of your devotion.
You were not hungry.

You visited 2 branches of the dungeon, and saw 8 of its levels.
You also visited: Ossuary.

You collected 328 gold pieces.

Inventory:

Hand Weapons
 i - a +1 halberd of holy wrath
 D - the +6 trident of Xuckack (weapon) {freeze, rF+}
   (You found it on level 5 of the Dungeon)

   It has been specially enchanted to freeze those struck by it, causing extra
   injury to most foes and up to half again as much damage against particularly
   susceptible opponents.
   It can also slow down cold-blooded creatures.
   It protects you from fire.
Missiles
 x - 3 steel tomahawks (quivered)
Armour
 b - a +0 scale mail (worn)
 c - a +0 shield (worn)
Jewellery
 C - a ring of poison resistance (left hand)
Wands
 s - a wand of flame (25)
 z - a wand of disintegration (7)
 A - a wand of paralysis (41)
Scrolls
 e - 4 scrolls of identify
 g - 2 scrolls of fear
 k - 3 scrolls of fog
 m - a scroll of immolation {unknown}
 p - a scroll of amnesia {unknown}
 q - 5 scrolls of teleportation {unknown}
 r - 3 scrolls of enchant weapon {unknown}
 u - a scroll of blinking {unknown}
 w - 4 scrolls of magic mapping
 y - 3 scrolls of remove curse
 E - a scroll of noise {unknown}
Potions
 d - 3 potions of might
 h - a potion of invisibility {unknown}
 j - a potion of flight
 l - 2 potions of berserk rage
 o - a potion of cancellation {unknown}
 t - a potion of curing {unknown}
 v - a potion of mutation {unknown}
 B - a potion of heal wounds {unknown}
Comestibles
 f - 10 rations
 n - 2 chunks of flesh


   Skills:
 + Level 4.5 Fighting
   Level 4.3 Maces & Flails
 * Level 5.5 Polearms
 + Level 5.1 Armour
 - Level 0.3 Dodging
 - Level 0.6 Stealth
 * Level 5.9 Shields


You had 7 spell levels left.
You didn't know any spells.
Your spell library contained the following spells:

 Spells                   Type           Power        Failure   Level  Hunger
 Apportation              Tloc           #.....       98%         1    ##.....
 Confuse                  Hex            #.......     100%        3    ####...
 Summon Small Mammal      Summ           #...         98%         1    ##.....
 Animate Skeleton         Necr           N/A          98%         1    ##.....
 Summon Ice Beast         Ice/Summ       #.......     100%        4    #####..
 Call Imp                 Summ           #.......     99%         2    ###....
 Confusing Touch          Hex            #.....       98%         1    ##.....
 Call Canine Familiar     Summ           #.......     100%        3    ####...
 Metabolic Englaciation   Hex/Ice        #.........   100%        5    ######.
 Petrify                  Tmut/Erth      #.......     100%        4    #####..
 Summon Lightning Spire   Summ/Air       #.......     100%        4    #####..
 Summon Guardian Golem    Hex/Summ       #.......     100%        3    ####...
 Gell's Gravitas          Tloc           #.........   100%        3    ####...
 Yara's Violent Unravell  Hex/Tmut       #.........   100%        5    ######.


Dungeon Overview and Level Annotations

Branches:
Dungeon (7/15)             Temple (1/1) D:5

Altars:
Ashenzari
Cheibriados
Dithmenos
Elyvilon
Fedhas
Gozag
Hepliaklqana
Kikubaaqudgha
Makhleb
Nemelex Xobeh
Okawaru
Qazlal
Ru
Sif Muna
Trog
Uskayaw
Vehumet
Wu Jian
Xom
Yredelemnul
Zin
The Shining One

Shops:
D:6 (


Innate Abilities, Weirdness & Mutations

You are resistant to torment.
Your stone body is resilient. (AC +5)
You are immune to poison.
You resist negative energy. (rN+)
You are resistant to electric shocks. (rElec)
You can survive without breathing.
You are immune to petrification.
You are immune to rotting.


Message History

The orc warrior hits you with a quarterstaff.
You hit the orc warrior but do no damage.
The orc warrior is lightly wounded.
The orc warrior hits you with a quarterstaff!
You hit the orc warrior but do no damage.
The orc warrior is lightly wounded.
You block the orc warrior's attack.
It was a potion of degeneration.
There was something very wrong with that liquid.
You feel weakened.
You feel dopey.
You feel clumsy.
The orc warrior hits you with a quarterstaff!
* * * LOW HITPOINT WARNING * * *
The orc warrior hits you with a quarterstaff.
* * * LOW HITPOINT WARNING * * *
You block the orc warrior's attack.
You see here a ring mail.
You block the orc warrior's attack. The orc warrior barely misses you.
The orc warrior hits you with a quarterstaff!
You die...

##..### #.##..#
#.....# #.###.#
#.....# #.# #.#
#.....# #.# #.##
###.#####.# #..#
#...##.)# ##.##
###.##.## #..#
##.....# ##.# ##
###.@..### #.####.
##..o##..# #......
#....###.########.####
####..................
#####[#############
#.## ####. #..#
#####....
##.####.....###
#......#####


You could see an orc warrior.

Vanquished Creatures
  3 sky beasts
  A bullfrog (D:6)
  A scorpion (D:6)
  A howler monkey (D:6)
  A bullfrog zombie (D:6)
  5 crimson imps
  A hound (D:4)
  An orc priest (D:6)
  7 orc wizards
  A centaur skeleton (D:6)
  An iguana (D:5)
  2 worker ants
  2 hound zombies (Ossuary)
  A hound skeleton (D:4)
  2 adders
  6 gnolls
  A shadow imp (D:6)
  An ooze (D:3)
  A worm (D:4)
  A dart slug (D:2)
  7 leopard geckos
  18 orcs
  9 bats
  4 giant cockroaches
  11 hobgoblins
  7 jackals
  2 ball pythons
  4 frilled lizards
  A giant cockroach zombie (D:5)
  3 goblins
  A goblin zombie (Ossuary)
  A hobgoblin zombie (Ossuary)
  7 kobolds
  A leopard gecko skeleton (D:4)
  9 rats
  A rat zombie (Ossuary)
126 creatures vanquished.

Notes
Turn   | Place    | Note
-------+----------+-------------------------------------------
     0 | D:1      | Bergy the Gargoyle Fighter began the quest for the Orb.
     0 | D:1      | Reached XP level 1. HP: 14/14 MP: 1/1
   292 | D:1      | Reached XP level 2. HP: 16/19 MP: 2/2
   824 | D:2      | Found a glowing golden altar of the Shining One.
   850 | D:2      | Reached XP level 3. HP: 21/23 MP: 3/3
  1416 | D:2      | Reached XP level 4. HP: 25/28 MP: 4/4
  1730 | D:2      | Found a sacrificial altar of Ru.
  1828 | D:2      | Became a worshipper of Ru the Awakened
  2174 | D:3      | Reached XP level 5. HP: 27/32 MP: 5/5
  3669 | D:4      | Reached XP level 6. HP: 38/38 MP: 6/6
  3750 | D:4      | Reached skill level 1 in Polearms
  4431 | D:5      | Entered Level 5 of the Dungeon
  4504 | D:5      | Found a sparkling altar of Nemelex Xobeh.
  4586 | D:5      | Got a dazzling trident
  4587 | D:5      | Identified the +6 trident of Xuckack {freeze, rF+} (You found it on level 5 of the Dungeon)
  4598 | D:5      | Found a sand-covered staircase.
  4607 | Ossuary  | Entered an ossuary
  4958 | D:5      | Noticed a sky beast
  4966 | D:5      | Killed a sky beast
  4966 | D:5      | Reached XP level 7. HP: 39/43 MP: 7/7
  5005 | D:5      | Found a staircase to the Ecumenical Temple.
  5027 | D:5      | Fell from the grace of Ru
  5031 | Temple   | Entered the Ecumenical Temple
  5108 | Temple   | Became a worshipper of Makhleb the Destroyer
  5630 | D:6      | Found Ytrampo's Weapon Boutique.
  5634 | D:6      | Reached skill level 5 in Shields
  6052 | D:6      | Reached XP level 8. HP: 47/48 MP: 8/8
  6323 | D:6      | Reached skill level 5 in Polearms
  6339 | D:6      | Reached skill level 5 in Armour
  6523 | D:6      | Reached * piety under Makhleb
  6596 | D:6      | Slain by an orc warrior

Vault maps used:
D:1:      minmay_arrival_glassed_features, kennysheep_small_spiral
D:2:      nicolae_ru_great_annihilating_truth, tso_metal_star
D:3:      first_ration
D:4:      eino_small_chamber_without_monster, dk_vineyard_2, st_stairs_12,
          bh_walls_and_bars
D:5:      minmay_temple_entry_statues, nicolae_ossuary_entry_monument,
          small_statue_intersection, nemelex_xobeh_ov_fountains_minmay
D:6:      serial_shops, shop_fountains, minmay_a_box_with_orc_wizards_in_it
D:7:      serial_shops, nicolae_shop_window_shopping
Temple:   minmay_crystal_snake_temple
Ossuary:  ossuary_minmay_tomb_2a

Skill      XL: |  1  2  3  4  5  6  7  8 |
---------------+-------------------------+-----
Maces & Flails | 3 4 |  4.3
Shields        | 4 5 |  5.9
Armour         | 4 5 |  5.1
Polearms       | 2 4 5 |  5.5
Fighting       | 4 |  4.5
Dodging        | |  0.3
Stealth        | |  0.6

Action                   |  1- 3 |  4- 6 |  7- 9 || total
-------------------------+-------+-------+-------++-------
Melee: Flail             |   164 |   125 |       ||   289
       Halberd           |       |    94 |       ||    94
       Trident           |       |    22 |   146 ||   168
Invok: Renounce Religion |       |       |     1 ||     1
  Use: Scroll            |       |     5 |     3 ||     8
       Potion            |       |     1 |     1 ||     2
 Stab: Paralysed         |       |     2 |       ||     2
  Eat: Chunk             |     2 |     7 |     3 ||    12
       Ration            |       |     1 |     1 ||     2
Armor: Scale mail        |   100 |   180 |    72 ||   352
Dodge: Dodged            |    64 |   130 |    34 ||   228
Block: Shield            |   122 |   116 |    53 ||   291

Table legend:
 A = Spawn XP
 B = Non-spawn XP
 C = Spawn XP percentage of total XP
 D = Spawn monster count
 E = Non-spawn monster count
 F = Spawn count percentage of total count
 G = Total turns spent on level
                    A         B        C        D         E        F      G
               +---------+---------+-------+---------+---------+-------+---------
         Total |       0 |    1753 |   0.0 |       0 |     126 |   0.0 |  6596
               +---------+---------+-------+---------+---------+-------+---------
           D:1 |       0 |      31 |   0.0 |       0 |      20 |   0.0 |   812
           D:2 |       0 |     147 |   0.0 |       0 |      33 |   0.0 |  1872
           D:3 |       0 |     118 |   0.0 |       0 |      19 |   0.0 |   979
           D:4 |       0 |     154 |   0.0 |       0 |      12 |   0.0 |   768
           D:5 |       0 |     223 |   0.0 |       0 |       8 |   0.0 |   922
           D:6 |       0 |    1036 |   0.0 |       0 |      29 |   0.0 |   989
       Ossuary |       0 |      44 |   0.0 |       0 |       5 |   0.0 |    39
               +---------+---------+-------+---------+---------+-------+---------
